 Dungeon Crawl Stone Soup version 0.17-a0-1718-g72dbe4d (webtiles) character file.

1325 Sixotanaka the Covert (level 8, 0/44 HPs)
             Began as a Kobold Assassin on Aug 24, 2015.
             Was an Initiate of Makhleb.
             Slain by a wight
             ... wielding a +3 trident of freezing
              (7 damage)
             ... on level 6 of the Dungeon on Aug 25, 2015.
             The game lasted 00:22:02 (6749 turns).

Sixotanaka the Covert (Kobold Assassin)             Turns: 6749, Time: 00:22:02

Health: 0/44       AC:  7    Str:  9    XL:     8   Next: 91%
Magic:  17/17      EV: 12    Int:  9    God:    Makhleb [......]
Gold:   300        SH:  0    Dex: 20    Spells: 2 memorised, 4 levels left

rFire  . . .     SeeInvis .     a - +4 rapier (freeze)
rCold  . . .     Clarity  .     F - +0 leather armour {rPois}
rNeg   . . .     SustAt   .     (shield restricted)
rPois  +         Gourm    .     (no helmet)
rElec  .         Spirit   .     d - +0 cloak
rCorr  .         Warding  .     i - +2 pair of gloves
rMut   .         Stasis   .     (no boots)
MR     +....                    (no amulet)
Stlth  +++++.....               B - ring of magical power
                                y - ring of protection from magic

@: heavily drained, somewhat resistant to hostile enchantments, quite stealthy
A: carnivore 3
a: Renounce Religion


You were on level 6 of the Dungeon.
You worshipped Makhleb.
Makhleb was noncommittal.
You were very full.

You visited 2 branches of the dungeon, and saw 7 of its levels.
You also visited: Sewer.

You collected 370 gold pieces.
You spent 70 gold pieces at shops.


Innate Abilities, Weirdness & Mutations

You are small and have problems with some larger weapons.
You are carnivorous and can eat meat at any time.


   Skills:
 - Level 2.1(0.8) Fighting
 + Level 8.0(6.4) Short Blades
 - Level 2.6(1.3) Throwing
 - Level 1.2(0.0) Dodging
 * Level 12.6(10.8) Stealth


You had 4 spell levels left.
You knew the following spells:

 Your Spells              Type           Power        Failure   Level  Hunger
z - Ensorcelled Hibernat  Hex/Ice        #.....       83%         2    ###....
R - Summon Butterflies    Summ           #.......     61%         1    ##.....


Dungeon Overview and Level Annotations

Branches:
Dungeon (6/15)             Temple (1/1) D:5

Altars:
Dithmenos
Elyvilon
Kikubaaqudgha
Makhleb
Qazlal
Ru
Yredelemnul
Zin

Shops:
D:5 ?

Annotations:
D:3 exclusions: orc priest and 1 more exclusion
D:5 exclusion: downstairs
D:6 Blork the orc

Inventory:

Hand weapons
 a - a +4 rapier of freezing (weapon)
   (You took it off Eustachio on level 4 of the Dungeon)
 b - a +0 blowgun
 o - a +2 dagger of venom
   (You found it on level 1 of the Dungeon)
 v - a cursed -2 dagger
Missiles
 e - 45 poisoned needles
 f - 8 curare-tipped needles
 j - 184 stones (quivered)
Armour
 d - a +0 cloak (worn)
 i - a +2 pair of gloves (worn)
 E - a +0 buckler
 F - a +0 leather armour of poison resistance (worn)
   (You took it off an orc on level 3 of the Dungeon)
Jewellery
 y - a ring of protection from magic (left hand)
 B - a ring of magical power (right hand)
Magical devices
 x - a wand of magic darts (16)
 G - a wand of slowing (29)
 K - a wand of fireball (8)
 R - a wand of confusion (34)
Scrolls
 l - 4 scrolls of teleportation {@r4}
 m - 2 scrolls of remove curse {@r2}
 n - a scroll of amnesia {unknown}
 p - a scroll of immolation {unknown}
 r - a scroll of summoning {unknown}
 I - a scroll of recharging {unknown}
 J - 2 scrolls of fear {unknown}
 P - 2 scrolls of blinking {unknown}
Potions
 c - 2 potions of might
 h - a potion of lignification {!q}
 k - 4 potions of flight
 q - a potion of invisibility
 t - a potion of cancellation {unknown}
 u - a potion of agility {unknown}
 w - a potion of poison {unknown}
 z - 3 potions of curing {@q1}
 C - a potion of cure mutation
 L - 2 potions of magic
 M - a potion of ambrosia {!q}
 N - a potion of haste {unknown}
 O - a potion of heal wounds {unknown}
 Q - a potion of degeneration {unknown}
 T - a potion of beneficial mutation {unknown}
Books
 A - a book of Beasts
 D - an Akashic Record
 H - a book of Dreams
Comestibles
 g - 7 meat rations
 s - a beef jerky

#.....#...# #..###..#..###.
#.....#...# ##...##.....##..
#.....#...# #...............
#.....#...###..##.........##
#.............####..._...###
##'#########...##.........##
##'####....#<...............
####.......##z#.....##.....##z.
#..........##.@.##.###..#..###.
#.##.......##.###..##..###..##.
# #.....[......#.....o###.....
#...........###.#.####..#...<..
###########.###.#.# ##.........
#.........# #..#.......
###.#.#######.######.##
#.#.######.%# #....
#.#.##.....## #####


You could see a wight.


Message History

Blork the orc zaps a wand.
The puff of frost hits you!
Blork the orc zaps a wand.
The puff of frost hits you! The wight barely misses you.
Blork the orc casts a spell.
Blork the orc flickers and vanishes!
Deactivating autopickup; reactivate with Ctrl-A.
You hear a zap.
A puff of frost appears from out of thin air!
The puff of frost hits you!
* * * LOW HITPOINT WARNING * * *
You hear a zap.
A puff of frost appears from out of thin air!
The puff of frost hits you!
* * * LOW HITPOINT WARNING * * *
A hound zombie comes into view.
The freed slave barely misses the wight.
There is a stone staircase leading up here.
The wight hits you with an enchanted battleaxe!
* * * LOW HITPOINT WARNING * * *
You feel drained.
* * * LOW HITPOINT WARNING * * *
The wight hits the freed slave with an enchanted battleaxe!
You climb upwards.
There is a stone staircase leading down here.
You hit the wight but do no damage. The wight barely misses you.
You puncture the wight! You hit the wight. The wight barely misses you.
You barely miss the wight. You hit the wight. The wight barely misses you.
You hit the wight but do no damage.
The wight hits you with an enchanted battleaxe.
You completely miss the wight. You hit the wight but do no damage.
The wight barely misses you.
You hit the wight. The wight barely misses you.
You closely miss the wight. You closely miss the wight.
The wight hits you but does no damage.
You hit the wight but do no damage.
The wight hits you with an enchanted battleaxe!
* * * LOW HITPOINT WARNING * * *
You closely miss the wight. You hit the wight but do no damage.
The wight closely misses you.
You hit the wight.
You destroy the wight!
Makhleb accepts your kill.
Your base Short Blades skill increases to level 8!
Things that are here:
an enchanted battleaxe; a robe You start resting.
There is a stone staircase leading down here.
Read which item? (? for menu, Esc to quit)
Okay, then.
You climb downwards.
Level annotation: Blork the orc
There is a stone staircase leading up here.
The wight hits you with a trident of freezing!
You feel drained. The wight freezes you.
You puncture the wight!
The wight hits you with a trident of freezing!
The wight freezes you.
* * * LOW HITPOINT WARNING * * *
You hit the wight. The wight completely misses you.
You hit the wight but do no damage.
The wight hits you with a trident of freezing!
* * * LOW HITPOINT WARNING * * *
You feel drained.
* * * LOW HITPOINT WARNING * * *
The wight freezes you!
You die...

Action                   |  1- 3 |  4- 6 |  7- 9 || total
-------------------------+-------+-------+-------++-------
Melee: Dagger            |    63 |   113 |       ||   176
       Rapier            |       |    41 |   151 ||   192
 Fire: Blowgun           |     5 |    10 |       ||    15
  Use: Scroll            |       |       |    13 ||    13
       Potion            |       |       |     2 ||     2
 Stab: Sleeping          |     8 |    17 |     6 ||    31
       Invisible         |       |       |     2 ||     2
       Distracted        |       |       |     1 ||     1
  Eat: Chunk             |     9 |     9 |     8 ||    26

Vault maps used:
D:1:      matt_arrival_spirals, minmay_misc_feat_ornament
D:2:      first_bread, kennysheep_generic_room_14
D:4:      kennysheep_the_goblin_king, feat_on_display, uniq_eustachio,
          uniq_robin
D:5:      temple_pool_b, serial_curves, eino_curves_03, eino_curves_02,
          serial_shops, nicolae_shop_statue_plus, portal_sewer_entry_e,
          kennysheep_generic_room_3
D:6:      kennysheep_little_box, serial_corexii_hall, corexii_hall_statues_x,
          corexii_hall_statues_i, corexii_hall_statues_l, basic_altar,
          nicolae_dithmenos_shadow_blocks, uniq_pikel, uniq_sigmund,
          uniq_blork_the_orc
Temple:   oiseaux_autumnal_temple_12
Sewer:    sewer_co_15_rooms

Notes
Turn   | Place    | Note
--------------------------------------------------------------
     0 | D:1      | Sixotanaka the Kobold Assassin began the quest for the Orb.
     0 | D:1      | Reached XP level 1. HP: 12/12 MP: 1/1
   178 | D:1      | Reached skill level 3 in Short Blades
   328 | D:1      | Reached XP level 2. HP: 17/17 MP: 2/2
   849 | D:1      | Reached skill level 6 in Stealth
   957 | D:2      | Reached XP level 3. HP: 21/21 MP: 3/3
  1247 | D:2      | Reached XP level 4. HP: 26/26 MP: 4/4
  1324 | D:1      | HP: 5/26 [hobgoblin/club (4)]
  1332 | D:1      | Reached skill level 7 in Stealth
  2414 | D:3      | Learned a level 1 spell: Summon Butterflies
  2469 | D:3      | Reached skill level 4 in Short Blades
  2469 | D:3      | Reached XP level 5. HP: 30/30 MP: 5/5
  2835 | D:3      | Reached skill level 8 in Stealth
  3157 | D:4      | Noticed Eustachio
  3166 | D:4      | Killed Eustachio
  3166 | D:4      | Reached skill level 5 in Short Blades
  3166 | D:4      | Reached skill level 9 in Stealth
  3166 | D:4      | Reached XP level 6. HP: 35/35 MP: 6/6
  3264 | D:4      | Learned a level 2 spell: Ensorcelled Hibernation
  3375 | D:4      | Noticed Robin
  3452 | D:4      | Killed Robin
  3846 | D:5      | Entered Level 5 of the Dungeon
  3873 | D:5      | Reached XP level 7. HP: 40/40 MP: 7/7
  3932 | D:5      | Found Qemyeret's Magic Scroll Emporium.
  4000 | D:5      | Reached skill level 10 in Stealth
  4142 | D:5      | Bought a scroll of teleportation for 42 gold pieces
  4142 | D:5      | Bought a scroll of identify for 28 gold pieces
  4174 | D:5      | Found a staircase to the Ecumenical Temple.
  4202 | Temple   | Entered the Ecumenical Temple
  4235 | Temple   | Became a worshipper of Makhleb the Destroyer
  4440 | D:5      | Found a glowing drain.
  4450 | Sewer    | Entered a sewer
  4515 | Sewer    | Reached skill level 6 in Short Blades
  5018 | D:6      | Found a shadowy altar of Dithmenos.
  5043 | D:6      | Noticed Blork the orc
  5057 | D:6      | Reached skill level 11 in Stealth
  5057 | D:6      | Reached XP level 8. HP: 22/44 MP: 8/8
  5242 | D:6      | Noticed Pikel
  5267 | D:6      | HP: 9/44 [Pikel/whip of flaming (6)]
  5268 | D:6      | HP: 3/44 [Pikel/whip of flaming (3)]
  5274 | D:6      | Killed Pikel
  5274 | D:6      | Reached skill level 7 in Short Blades
  5274 | D:6      | Reached skill level 12 in Stealth
  5449 | D:6      | Killed Sigmund
  5677 | D:6      | Found a sacrificial altar of Ru.
  5769 | D:6      | HP: 11/44 [wight/battleaxe of freezing (5)]
  6269 | D:6      | Found an ancient bone altar of Kikubaaqudgha.
  6388 | D:6      | HP: 10/44 [wight/enchanted battleaxe (3)]
  6522 | D:5      | Reached skill level 8 in Short Blades
  6749 | D:6      | HP: 8/44 [wight/trident of freezing (14)]
  6749 | D:6      | Slain by a wight

Vanquished Creatures
  Pikel (D:6)
  Eustachio (D:4)
  A slave (D:6)
  A big kobold (Sewer)
  A giant frog (D:6)
  A scorpion (D:5)
  2 wights
  2 crimson imps
  An orc priest (D:3)
  A centaur skeleton (D:3)
  A giant frog skeleton (D:6)
  A hound (D:5)
  An iguana (D:5)
  A worker ant (D:5)
  A hound zombie (D:6)
  Robin (D:4)
  7 adders
  An adder skeleton (D:4)
  4 worms
  10 orcs
  12 hobgoblins
  21 kobolds
  5 quokkas
  6 ball pythons
  8 bats
  2 giant cockroaches (D:1)
  A giant cockroach zombie (D:6)
  2 giant geckos
  3 giant newts
  26 goblins
  A jackal skeleton (D:4)
  10 rats
137 creatures vanquished.

Vanquished Creatures (others)
  Sigmund (D:6)
  A slave (D:6)
  A giant frog (D:6)
  A giant newt (D:6)
4 creatures vanquished.

Grand Total: 141 creatures vanquished
